 Dungeon Crawl Stone Soup version 0.27.0-1-g7a089689b8 (webtiles) character file.

Game seed: 13891595231826920812

5 Malachi the Sneak (level 1, 0/9 HPs)
             Began as a Vine Stalker Enchanter on Aug 15, 2021.
             Slain by a jackal (1 damage)
             ... on level 1 of the Dungeon.
             The game lasted 00:00:10 (223 turns).

Malachi the Sneak (Vine Stalker Enchanter)           Turns: 223, Time: 00:00:11

Health: 0/9        AC:  2    Str: 10    XL:     1   Next: 80%
Magic:  0/4        EV: 12    Int: 15    God:
Gold:   0          SH:  0    Dex: 14    Spells: 3/4 levels left

rFire    . . .     SeeInvis .   a - +1 dagger
rCold    . . .     Faith    .   (no shield)
rNeg     . . .     Spirit   +   b - +0 robe
rPois    .         Reflect  .   (no helmet)
rElec    .         Harm     .   (no cloak)
rCorr    .         Rampage  .   (no gloves)
Will     .....                  (no boots)
Stlth    ++........             (no amulet)
HPRegen  0.03/turn              (no ring)
MPRegen  0.09/turn              (no ring)

@: no status effects
A: fangs 2, magic shield, antimagic bite, no potion heal 2
a: no special abilities


You were on level 1 of the Dungeon.
You visited 1 branch of the dungeon, and saw 1 of its levels.

Inventory:

Hand Weapons
 a - a +1 dagger (weapon)
Armour
 b - a +0 robe (worn)


   Skills:
 + Level 0.9 Short Blades
 + Level 1.7 Dodging
 + Level 3.7 Stealth
 + Level 2.2 Spellcasting
 + Level 3.1 Hexes


You had 3 spell levels left.
You knew the following spells:

 Your Spells              Type           Power      Damage    Failure   Level
a - Corona                Hex            12%        N/A       6%          1

Your spell library contained the following spells:

 Spells                   Type           Power      Damage    Failure   Level
 Ensorcelled Hibernation  Hex/Ice        12%        N/A       17%         2
 Confusing Touch          Hex            11%        N/A       19%         3
 Tukima's Dance           Hex            11%        N/A       19%         3
 Dazzling Flash           Conj/Hex       12%        N/A       34%         3


Dungeon Overview and Level Annotations

Branches:
Dungeon (1/15)

Altars:


Innate Abilities, Weirdness & Mutations

You have extremely sharp teeth.
When hurt, damage is shared between your health and your magic reserves.
Your bite disrupts and absorbs the magic of your enemies.
Potions cannot restore your health.


Message History

The jackal barely misses you.
You closely miss the jackal. The jackal closely misses you.
You barely miss the jackal. The jackal barely misses you.
You hit the jackal. Your bite misses the jackal.
The jackal is almost dead.
The jackal barely misses you.
You hit the jackal.
You kill the jackal!
You closely miss the jackal.
The jackal bites you but does no damage.
The jackal misses you.
You barely miss the jackal. Your bite misses the jackal.
The jackal closely misses you.
You hit the jackal. Your bite misses the jackal.
The jackal is moderately wounded.
The jackal bites you. x2
You are too injured to fight recklessly!
You are too injured to fight recklessly!
You are too injured to fight recklessly!
You are too injured to fight recklessly!
You are too injured to fight recklessly!
You are too injured to fight recklessly!
You hit the jackal but do no damage. You bite the jackal. You drain its power.
You feel invigorated.
The jackal is moderately wounded.
The jackal bites you.
You hit the jackal.
You kill the jackal!
You hit the jackal but do no damage. The jackal barely misses you.
The jackal completely misses you.
You barely miss the jackal. The jackal barely misses you.
You hit the jackal.
The jackal is severely wounded.
The jackal barely misses you.
You closely miss the jackal.
The jackal is severely wounded.
The jackal bites you.
* * * LOW HITPOINT WARNING * * *
The jackal bites you.
You die...

...###...#
##############
#.......#
#.....†..#
#.###....## #
#......##
#.#.....#
#.#.....##
#.#......##
#####..@#
####h# ...
....# ......
...(### .....
######


You could see a jackal.

Vanquished Creatures
  A giant cockroach (D:1)
  3 jackals (D:1)
4 creatures vanquished.

Notes
Turn   | Place    | Note
-------+----------+-------------------------------------------
     0 | D:1      | Malachi the Vine Stalker Enchanter began the quest for the
                  | Orb.
     0 | D:1      | Reached XP level 1. HP: 9/9 MP: 4/4
   223 | D:1      | Slain by a jackal

Illustrated notes

Levels and vault maps discovered:
D:1:      dpeg_arrival_erosion, layout_rooms, minivault_25,
          palyth_stone_intersect, amethyst_killhole

Action                   || total
-------------------------++-------
Melee: Dagger            ||    23
       Bite              ||     2
Armor: Robe              ||     2
Dodge: Dodged            ||    15
